 Dungeon Crawl Stone Soup version 0.32-a0-131-g9dbbe29261 (webtiles) character file.

Game seed: 3885529504725951054

86 Dittersdorf the Shield-Bearer (level 4, -1/29 HPs)
             Began as a Gargoyle Fighter on Feb 8, 2024.
             Slain by a cerulean imp
             ... wielding a +0 spear
             ... summoned by Natasha
              (2 damage)
             ... on level 2 of the Dungeon.
             The game lasted 00:01:09 (1759 turns).

Dittersdorf the Shield-Bearer (Gargoyle Fighter)    Turns: 1759, Time: 00:01:10

Health: -1/29      AC: 10    Str: 33    XL:     4   Next: 50%
Magic:  4/4        EV: 10    Int:  9    God:
Gold:   39         SH:  4    Dex:  9    Spells: 3/3 levels left

rFire   . . .        a - +0 flail
rCold   . . .        c - +0 buckler
rNeg    + . .        b - +0 scale mail
rPois   ∞            (no helmet)
rElec   +            (no cloak)
rCorr   .            (no gloves)
SInv    .            (no boots)
Will    .....        (no amulet) Stlth
                     j - +6 ring of strength
HPRegen 0.24/turn    k - +6 ring of strength
MPRegen 0.09/turn

%: no passive effects
@: slowed, very slow
A: sickness immunity, AC +3, negative energy resistance 1, electricity
resistance, torment resistance 1, petrification resistance
a: no special abilities


You were on level 2 of the Dungeon.
You visited 1 branch of the dungeon, and saw 2 of its levels.

You collected 39 gold pieces.

Inventory:

Hand Weapons
 a - a +0 flail (weapon)
Armour
 b - a +0 scale mail (worn)
 c - a +0 buckler (worn)
Jewellery
 j - a +6 ring of strength (left hand)
 k - a +6 ring of strength (right hand)
Scrolls
 g - a scroll of identify {unknown}
 h - a scroll of revelation {unknown}
 l - a scroll of torment {unknown}
Potions
 d - a potion of might
 e - 2 potions of heal wounds {unknown}
 f - a potion of enlightenment {unknown}
 i - a potion of brilliance {unknown}
 m - a potion of haste {unknown}


   Skills:
 + Level 4.0 Fighting
 + Level 2.8 Maces & Flails
 + Level 4.0 Armour
 + Level 4.0 Shields


You had 3 spell levels left.
You didn't know any spells.
Your spell library was empty.

Dungeon Overview and Level Annotations

Branches:
Dungeon (2/15)

Altars:

Shops:
D:1 (

Annotations:
D:2 Natasha


Innate Abilities, Weirdness & Mutations

You are immune to sickness and miasma.
Your stone body is resilient. (AC +3)
You are immune to poison.
You resist negative energy. (rN+)
You are resistant to electric shocks. (rElec)
You are resistant to unholy torment.
You are immune to petrification.


Message History

The cerulean imp closely misses you. Natasha barely misses you.
The cerulean imp hits you with a +0 spear.
Natasha claws you.
You closely miss the cerulean imp.
The cerulean imp is heavily wounded.
The cerulean imp barely misses you. Natasha claws you.
The cerulean imp hits you with a +0 spear.
Natasha zaps a wand.
The puff of flame hits you!
* * * LOW HITPOINT WARNING * * *
You are too injured to fight recklessly!
You are too injured to fight recklessly!
You are too injured to fight recklessly!
You are too injured to fight recklessly!
You are too injured to fight recklessly!
You are too injured to fight recklessly!
You are too injured to fight recklessly!
You are too injured to fight recklessly!
You are too injured to fight recklessly!
You are too injured to fight recklessly!
You are too injured to fight recklessly!
You are too injured to fight recklessly!
You are too injured to fight recklessly!
You are too injured to fight recklessly!
You are too injured to fight recklessly!
You are too injured to fight recklessly!
You are too injured to fight recklessly!
The cerulean imp hits you but does no damage.
Natasha attacks as she pursues you! Natasha misses you.
You block the cerulean imp's attack.
Natasha zaps a wand.
The puff of flame hits you.
* * * LOW HITPOINT WARNING * * *
The cerulean imp attacks as it pursues you!
You block the cerulean imp's attack. Natasha attacks as she pursues you!
Natasha claws you.
* * * LOW HITPOINT WARNING * * *
The cerulean imp hits you but does no damage.
You block Natasha's attack.
The cerulean imp attacks as it pursues you!
The cerulean imp hits you from afar with a +0 spear.
You die...

##########,*
#......#
....(....#,*
#......#
.........#,*
#......#
..÷......#,*
#......#
.........#,*
#......#
.........#,*
#......#
###...#.##,*
#.h5...#
.<#......#,*
##.#####
..#..##..#,*
#@#
.....##..#,*
#.#
..#.###..#,*
#.#
.........#.#
#.#
..#.####.#.#
#.#
+##+####.#.#
#.#
......##.#.#
#.# ##
..÷...##.#.#
#.# #.
......##.#.#
#.# #.


You could see Natasha and a cerulean imp (summoned).

Vanquished Creatures
  Natasha (twice) (D:2)
  An adder (D:2)
  A dart slug (D:1)
  An orc (D:2)
  A ball python (D:1)
  4 bats
  An endoplasm (D:1)
  A goblin (D:2)
  2 hobgoblins
  2 quokkas (D:1)
  3 frilled lizards (D:1)
  6 kobolds
  A rat (D:2)
26 creatures vanquished.

Notes
Turn   | Place    | Note
-------+----------+-------------------------------------------
     0 | D:1      | Dittersdorf the Gargoyle Fighter began the quest for the
                  | Orb.
     0 | D:1      | Reached XP level 1. HP: 14/14 MP: 1/1
   167 | D:1      | Reached XP level 2. HP: 19/19 MP: 2/2
   456 | D:1      | Found Omiarphan's Weapon Shop.
   661 | D:1      | Found a faded altar of an unknown god.
   942 | D:2      | Reached XP level 3. HP: 17/23 MP: 3/3
  1084 | D:2      | Noticed Natasha
  1090 | D:2      | Killed Natasha
  1168 | D:2      | Noticed Natasha
  1175 | D:2      | Killed Natasha
  1176 | D:2      | Reached XP level 4. HP: 22/29 MP: 4/4
  1747 | D:2      | Noticed Natasha
  1758 | D:2      | HP: 1/29 [Natasha (3)]
  1759 | D:2      | Slain by a cerulean imp

Illustrated notes

Levels and vault maps discovered:
D:1:      wheals_arrival_linesprint, layout_loops_ring,
          dilly_ecumenical_altar_fadedgnrine, serial_shops, shop, hex_large,
          minmay_heptomino_o4
D:2:      layout_basic, uniq_natasha

Skill      XL: |  1  2  3  4 |
---------------+-------------+-----
Shields        | 4 |  4.0
Fighting       | 4 |  4.0
Armour         | 4 |  4.0
Maces & Flails | |  2.8

Action                     |  1- 3 |  4- 6 || total
---------------------------+-------+-------++-------
  Melee: Flail             |    85 |    18 ||   103
 Armour: Scale mail        |    71 |    24 ||    95
  Dodge: Dodged            |    39 |    12 ||    51
  Block: Buckler           |    20 |    10 ||    30

Table legend: (Time is in decaauts)
 A = Elapsed time spent in this place.
 B = Non-inter-level travel time spent in this place.
 C = Inter-level travel time spent in this place.
 D = Time resting spent in this place.
 E = Time spent auto-exploring this place.
 F = Levels seen in this place.
 G = Mean time per level.
                   A        B        C        D        E       F      G
               +--------+--------+--------+--------+--------+-----+--------+
         Total |   1795 |   1744 |     51 |      0 |   1483 |   2 |  897.5 |
       Dungeon |   1795 |   1744 |     51 |      0 |   1483 |   2 |  897.5 |
               +--------+--------+--------+--------+--------+-----+--------+

Top non-repeatable levels by time:
     D:2: 948 daAuts
     D:1: 847 daAuts
